 Dungeon Crawl Stone Soup version 0.28-a0-589-g333b8329f1 (webtiles) character file.

Game seed: 15045992406954963218

3782 blank1 the Fighter (level 9, -3/85 HPs)
             Began as a Minotaur Fighter on Oct 3, 2021.
             Was an Initiate of Okawaru.
             Killed by the air
             ... invoked by Gastronok
              (29 damage)
             ... on level 8 of the Dungeon on Oct 4, 2021.
             The game lasted 00:15:49 (6791 turns).

blank1 the Fighter (Minotaur Fighter)               Turns: 6791, Time: 00:15:49

Health: -3/85      AC:  9    Str: 18    XL:     9   Next: 95%
Magic:  8/8        EV: 13    Int:  9    God:    Okawaru [......]
Gold:   259        SH:  8    Dex: 11    Spells: 8/8 levels left

rFire   . . .      SeeInvis +   u - +10 mace "Qick" {venom, rPois Str-5 Int+4 SInv}
rCold   . . .      Faith    .   z - +0 kite shield
rNeg    . . .      Spirit   .   b - +0 scale mail
rPois   +          Reflect  .   (helmet restricted)
rElec   .          Harm     .   (no cloak)
rCorr   .          Rampage  .   (no gloves)
Will    +....                   m - +0 pair of boots {Stlth+}
Stlth   +.........              l - amulet of regeneration
HPRegen 1.24/turn               k - ring of Moral Flaws {Will+ EV+4}
MPRegen 0.11/turn               (no ring)

@: no status effects
A: horns 2, retaliatory headbutt
a: Renounce Religion


You were on level 8 of the Dungeon.
You worshipped Okawaru.
Okawaru was noncommittal.
You visited 2 branches of the dungeon, and saw 9 of its levels.

You collected 491 gold pieces.
You spent 232 gold pieces at shops.

Inventory:

Hand Weapons
 a - a +0 flail
 u - the +10 mace "Qick" (weapon) {venom, rPois Str-5 Int+4 SInv}
   (You bought it in a shop on level 8 of the Dungeon)

   It poisons the flesh of those it strikes.
   Str:       It affects your strength (-5).
   Int:       It affects your intelligence (+4).
   rPois:     It protects you from poison.
   SInv:      It lets you see invisible.
 y - a +3 morningstar
Missiles
 g - 2 throwing nets (quivered)
Armour
 b - a +0 scale mail (worn)
 m - a +0 pair of boots of stealth (worn)
 z - a +0 kite shield (worn)
Jewellery
 k - the ring of Moral Flaws (left hand) {Will+ EV+4}
   (You found it on level 5 of the Dungeon)

   [ring of evasion]

   EV:        It affects your evasion (+4).
   Will:      It increases your willpower.
 l - an amulet of regeneration (around neck)
Wands
 j - a wand of digging (6)
 q - a wand of flame (21)
 t - a wand of paralysis (33)
 x - a wand of mindburst (12)
Scrolls
 c - a scroll of immolation {unknown}
 e - 3 scrolls of identify
 f - a scroll of magic mapping
 i - 3 scrolls of noise
 n - a scroll of torment
 p - a scroll of fear
 s - 4 scrolls of teleportation
 v - a scroll of blinking {unknown}
 w - a scroll of vulnerability {unknown}
Potions
 d - 3 potions of might
 h - a potion of lignification
 o - a potion of mutation
 r - 2 potions of curing
 A - a potion of attraction {unknown}


   Skills:
 - Level 10.0 Fighting
 + Level 9.8 Maces & Flails
 - Level 9.0 Armour
 - Level 6.0 Dodging
 + Level 4.3 Shields


You had 8 spell levels left.
You didn't know any spells.
Your spell library contained the following spells:

 Spells                   Type           Power      Damage    Failure   Level
 Magic Dart               Conj           0%         1d3       99%         1
 Mephitic Cloud           Conj/Pois/Air  0%         N/A       100%        3
 Fulminant Prism          Conj/Hex       0%         3d6       100%        4
 Iskenderun's Mystic Bla  Conj/Tloc      0%         2d3       100%        4
 Passage of Golubria      Tloc           N/A        N/A       100%        4
 Lee's Rapid Deconstruct  Erth           0%         3d5*      100%        5
 Yara's Violent Unravell  Hex/Tmut       0%         3d3       100%        5
 Call Imp                 Summ           Unusable   N/A       N/A         2
 Tukima's Dance           Hex            Unusable   N/A       N/A         3

Dungeon Overview and Level Annotations

Branches:
Dungeon (8/15)             Temple (1/1) D:7
   Lair: D:8-11

Altars:
Ashenzari
Cheibriados
Dithmenos
Elyvilon
Fedhas
Gozag
Hepliaklqana
Kikubaaqudgha
Makhleb
Nemelex Xobeh
Okawaru
Qazlal
Ru
Sif Muna
Trog
Uskayaw
Vehumet
Wu Jian
Xom
Yredelemnul
Zin
The Shining One

Shops:
D:7 !   D:8 (

Annotations:
D:8 Gastronok


Innate Abilities, Weirdness & Mutations

You have a pair of horns on your head.
You reflexively headbutt those who attack you in melee.


Message History

You see here a +0 spear.
Things that are here:
a +0 robe; a +2 mace
Items here: ))) [[.
Things that are here:
a +0 chain mail; 3 boomerangs; a +0 club You see here a +0 leather armour.
Gastronok the Ponderous comes into view.
Gastronok gurgles horribly!
Found a stone staircase leading up.
You sock Gastronok!
Gastronok is poisoned.
Gastronok is lightly wounded.
Gastronok bites you!!
You hit Gastronok.
Gastronok looks as sick as possible!
Gastronok is lightly wounded.
You completely miss Gastronok.
Gastronok is lightly wounded.
Gastronok bites you!
You thump Gastronok!
Gastronok looks as sick as possible!
Gastronok is moderately wounded.
You sock Gastronok!
Gastronok looks as sick as possible!
You headbutt Gastronok.
Gastronok is moderately wounded.
Gastronok bites you but does no damage.
You sock Gastronok!
Gastronok looks as sick as possible!
Gastronok is heavily wounded.
You hit Gastronok.
Gastronok looks as sick as possible!
Gastronok is heavily wounded.
Gastronok bites you!!
* * * LOW HITPOINT WARNING * * *
You sock Gastronok!
Gastronok looks as sick as possible!
Gastronok is severely wounded.
Gastronok wobbles crazily.
You sock Gastronok!
Gastronok looks as sick as possible!
Gastronok is severely wounded.
You bludgeon Gastronok!!
Gastronok looks as sick as possible!
Gastronok is almost dead.
Gastronok waves his eye-stalks in wide circles.
The air twists around and strikes you!!
You die...

#.....# #...## #.#
#....)# #..## ##..
####### #.## ###... ##.#
##.....
#############..###..##..
.........#..............
............#####..###.#
...........###.......>..
......w@..###...##......
..........# #.).##......
.........## ######......
.........# #######
.........# ........<#
##########


You could see Gastronok (extremely poisoned).

Vanquished Creatures
  The ghost of pokedragonboy the Chopper, a novice FoFi of Ru (D:5)
  Maggie (D:7)
  Psyche (D:8)
  Sigmund (D:2)
  A steam dragon (D:8)
  2 black bears
  3 centaurs
  4 ogres
  2 kobold brigands
  A bullfrog (D:6)
  5 scorpions
  9 wights (D:8)
  A bullfrog zombie (D:5)
  2 hounds
  3 jellies
  2 gnoll shamans (D:8)
  7 orc priests
  Ijyb (D:4)
  2 iguanas
  3 orc wizards
  A hound skeleton (D:4)
  6 adders
  9 gnolls
  A howler monkey skeleton (D:7)
  A worm (D:2)
  A dart slug (D:4)
  28 orcs
  7 bats
  9 endoplasms
  11 giant cockroaches (D:2)
  8 goblins
  9 hobgoblins
  2 jackals (D:4)
  30 kobolds
  4 quokkas
  3 ball pythons
  6 frilled lizards
  2 rats
190 creatures vanquished.

Vanquished Creatures (collateral kills)
  A gnoll (D:8)
1 creature vanquished.

Vanquished Creatures (others)
  5 plants (D:5)
5 creatures vanquished.

Grand Total: 196 creatures vanquished

Notes
Turn   | Place    | Note
-------+----------+-------------------------------------------
     0 | D:1      | blank1 the Minotaur Fighter began the quest for the Orb.
     0 | D:1      | Reached XP level 1. HP: 19/19 MP: 0/0
    54 | D:1      | You fall into a shaft and drop 1 floor!
   167 | D:2      | Reached XP level 2. HP: 25/27 MP: 1/1
   235 | D:1      | Found a faded altar of an unknown god.
   364 | D:1      | Reached skill level 4 in Fighting
   570 | D:1      | Reached XP level 3. HP: 33/33 MP: 2/2
  1177 | D:2      | Found a basalt altar of Yredelemnul.
  1296 | D:2      | Noticed Sigmund
  1314 | D:2      | Killed Sigmund
  1315 | D:2      | Reached skill level 5 in Fighting
  1315 | D:2      | Reached XP level 4. HP: 42/42 MP: 3/3
  1315 | D:2      | Reached XP level 5. HP: 48/48 MP: 4/4
  2495 | D:4      | Reached skill level 6 in Fighting
  2495 | D:4      | Reached skill level 5 in Maces & Flails
  2495 | D:4      | Reached XP level 6. HP: 53/57 MP: 5/5
  2626 | D:4      | Reached skill level 5 in Armour
  2715 | D:4      | Reached XP level 7. HP: 64/64 MP: 6/6
  2734 | D:4      | Noticed Ijyb
  2745 | D:4      | Killed Ijyb
  3051 | D:4      | Reached skill level 7 in Fighting
  3166 | D:5      | Entered Level 5 of the Dungeon
  3321 | D:5      | Identified the ring of Moral Flaws {Will+ EV+4}
  3348 | D:5      | Found a runed translucent gate.
  3349 | D:5      | Found a runed translucent gate.
  3350 | D:5      | Found a runed translucent gate.
  3358 | D:5      | Noticed pokedragonboy's ghost (novice FoFi)
  3500 | D:5      | Reached skill level 8 in Fighting
  3516 | D:5      | Reached XP level 8. HP: 56/75 MP: 7/7
  3573 | D:5      | Reached skill level 9 in Fighting
  4200 | D:5      | Killed pokedragonboy's ghost
  4347 | D:6      | You fall into a shaft and drop 2 floors!
  4358 | D:8      | Found Utublasi's Antique Weapon Emporium.
  4385 | D:8      | Reached skill level 10 in Fighting
  4391 | D:8      | Reached XP level 9. HP: 64/85 MP: 8/8
  4396 | D:8      | Bought a slimy mace for 232 gold pieces
  4396 | D:8      | Identified the +10 mace "Qick" {venom, rPois Str-5 Int+4
                  | SInv} (You bought it in a shop on level 8 of the Dungeon)
  4419 | D:7      | Noticed Maggie
  4431 | D:7      | Killed Maggie
  4517 | D:7      | Found a staircase to the Ecumenical Temple.
  4526 | Temple   | Entered the Ecumenical Temple
  4849 | D:6      | Reached skill level 5 in Dodging
  5971 | D:7      | Found Cimmas's Distillery.
  6275 | D:8      | Noticed Psyche
  6289 | D:8      | Killed Psyche
  6525 | D:8      | Found an iron altar of Okawaru.
  6535 | D:8      | Became a worshipper of Warmaster Okawaru
  6777 | D:8      | Noticed Gastronok
  6791 | D:8      | Killed from afar by Gastronok

Illustrated notes

Levels and vault maps discovered:
D:1:      minmay_arrival_three_doors, layout_loops_ring,
          chequers_ecumenical_altar_island
D:2:      minmay_roachtagon, layout_basic, basic_altar, uniq_sigmund
D:3:      layout_basic
D:4:      layout_loops_ring, grunt_ministairs_8, roderic_lattice_a, uniq_ijyb
D:5:      kennysheep_kobold_camp, layout_gridville, gammafunk_ghost_split
D:6:      layout_rooms, serial_co_window_serial, co_window_paths_a,
          co_window_of_opportunity_a, co_window_paths_a, co_window_paths_b,
          co_window_of_opportunity_a, co_window_corner_ca,
          co_window_unsneaky_path_a, co_window_cross_2, co_window_paths_e,
          co_window_sun, glass_columns_a, glass_columns_b, glass_columns_a
D:7:      layout_basic, temple_statues, serial_shops, nicolae_shop_trees,
          uniq_maggie
D:8:      layout_rooms, kennysheep_okawaru_gauntlet, serial_shops,
          nicolae_shop_temple_entry_statues_fountains, uniq_gastronok,
          uniq_psyche
Temple:   roderic_octagonal_lattice_temple

Skill      XL: |  1  2  3  4  5  6  7  8  9 |
---------------+----------------------------+-----
Armour         | 4 5 7 9 |  9.0
Shields        | 4 |  4.3
Fighting       | 4 5 6 8 10 | 10.0
Maces & Flails | 3 4 5 6 7 9 |  9.8
Dodging        | 2 3 4 6 |  6.0

Action                   |  1- 3 |  4- 6 |  7- 9 || total
-------------------------+-------+-------+-------++-------
Melee: Flail             |    85 |    71 |   197 ||   353
       Headbutt          |    12 |     8 |    46 ||    66
       Mace              |       |       |   115 ||   115
  Use: Scroll            |     1 |     1 |    11 ||    13
       Potion            |     1 |       |     3 ||     4
Armor: Scale mail        |    45 |    20 |   161 ||   226
Dodge: Dodged            |    47 |    36 |   264 ||   347
Block: Buckler           |    17 |     9 |    68 ||    94
       Kite shield       |       |       |    20 ||    20

Table legend: (Time is in decaauts)
 A = Elapsed time spent in this place.
 B = Non-inter-level travel time spent in this place.
 C = Inter-level travel time spent in this place.
 D = Time resting spent in this place.
 E = Time spent auto-exploring this place.
 F = Levels seen in this place.
 G = Mean time per level.
                   A        B        C        D        E       F      G
               +--------+--------+--------+--------+--------+-----+--------+
         Total |   6843 |   6623 |    220 |    189 |   5208 |   9 |  760.3 |
       Dungeon |   6559 |   6358 |    201 |    189 |   4965 |   8 |  819.9 |
        Temple |    284 |    265 |     19 |      0 |    243 |   1 |  284.0 |
               +--------+--------+--------+--------+--------+-----+--------+

Top non-repeatable levels by time:
     D:5: 1115 daAuts
     D:6: 1037 daAuts
     D:2: 882 daAuts
     D:1: 857 daAuts
     D:4: 782 daAuts
     D:8: 686 daAuts
     D:3: 681 daAuts
     D:7: 516 daAuts
  Temple: 284 daAuts
